AoeStats
← RX Dragos

Socotra

504864514Analyzed
2v2 RM · 25d ago on Sep 6, 2026· 29m 0s· 4 players
Game mode
Random Map
Map size
Tiny (2 player)
Population
200
Speed
Normal
Resources
Standard
Victory
Conquest
Starting age
Dark Age
Ending age
Imperial Age
RankedLock teamsTeams togetherTeam positionsShared explorationLock speedFull tech treeHidden civsTurbo modeCheats
Victory
Defeat
🇪🇸 Ethiopians · Spain
1096
+15
🇪🇸 Vietnamese · Spain
1029
+17
🇧🇪 Italians · Belgium
1092
-17
🇷🇴 Burmese · Romania
1037
-44
Earlos
10:40 Feudal Age
10:05 Loom
10:58 Loom
16:11 Castle Age
14:11 Double-Bit Axe
14:45 Fletching
15:49 Horse Collar
16:37 Crossbowman
20:16 Ballistics
21:08 Wheelbarrow
23:53 Gold Mining
24:09 Padded Archer Armor
Crazy Finger
8:15 Loom
12:00 Feudal Age
17:53 Castle Age
15:45 Horse Collar
16:42 Bloodlines
18:41 Double-Bit Axe
20:18 Wheelbarrow
20:25 Husbandry
27:44 Fletching
27:23 Elite Skirmisher
Zarathustra
1:41 Loom
11:18 Feudal Age
13:36 Horse Collar
13:45 Double-Bit Axe
20:58 Castle Age
19:23 Gold Mining
23:27 Town Watch
24:02 Fletching
RX Dragos
14:38 Feudal Age
21:25 Wheelbarrow
Connection lost

Rejoining the realm…

Still unreachable

The connection could not be restored.

Session expired

The server has moved on; the page needs a fresh start.